 Dungeon Crawl Stone Soup version 0.28.0-53-g5a82cb258f (webtiles) character file.

Game seed: 7999288041345178799

252 MiltankisOP the Cudgeller (level 6, -3/37 HPs)
             Began as a Gargoyle Fighter on June 17, 2022.
             Was an Initiate of Fedhas.
             Killed by nerve-wracking pain
             ... invoked by an orc priest
              (6 damage)
             ... on level 4 of the Dungeon.
             The game lasted 00:05:13 (3330 turns).

MiltankisOP the Cudgeller (Gargoyle Fighter)        Turns: 3330, Time: 00:05:13

Health: -3/37      AC: 16    Str: 23    XL:     6   Next: 14%
Magic:  6/6        EV: 10    Int:  9    God:    Fedhas [......]
Gold:   118        SH:  4    Dex:  9    Spells: 5/5 levels left

rFire   . . .      SeeInvis .   a - +0 flail
rCold   . . .      Faith    .   c - +0 buckler
rNeg    + . .      Spirit   .   m - +4 ring mail of Ebimun {Str+2}
rPois   ∞          Reflect  .   (no helmet)
rElec   +          Harm     .   l - +1 cloak
rCorr   .          Rampage  .   (no gloves)
Will    .....                   (no boots)
Stlth   ..........              (no amulet)
HPRegen 0.12/turn               (no ring)
MPRegen 0.10/turn               (no ring)

@: no status effects
A: sickness immunity, AC +4, negative energy resistance 1, electricity
resistance, torment resistance 1, petrification resistance
a: Renounce Religion


You were on level 4 of the Dungeon.
You worshipped Fedhas.
Fedhas was noncommittal.
You visited 1 branch of the dungeon, and saw 4 of its levels.

You collected 118 gold pieces.

Inventory:

Hand Weapons
 a - a +0 flail (weapon)
 o - a +1 hunting sling of flaming
Armour
 b - a +0 scale mail
 c - a +0 buckler (worn)
 d - a scarf of invisibility
 i - a +2 leather armour of cold resistance
 l - a +1 cloak (worn)
 m - the +4 ring mail of Ebimun (worn) {Str+2}
   (You found it on level 3 of the Dungeon)

   Str:       It affects your strength (+2).
Scrolls
 f - 2 scrolls of blinking {unknown}
 k - 4 scrolls of identify {unknown}
 n - a scroll of immolation {unknown}
 p - a scroll of enchant weapon {unknown}
Potions
 e - 2 potions of mutation {unknown}
 g - a potion of curing {unknown}
 h - 2 potions of ambrosia {unknown}
 j - a potion of degeneration {unknown}


   Skills:
 - Level 3.3 Fighting
 + Level 6.1 Maces & Flails
 - Level 3.3 Armour
 - Level 3.3 Shields


You had 5 spell levels left.
You didn't know any spells.
Your spell library was empty.

Dungeon Overview and Level Annotations

Branches:
Dungeon (4/15)
 Temple: D:4-7

Altars:
Fedhas
Hepliaklqana
The Shining One

Shops:
D:4 *


Innate Abilities, Weirdness & Mutations

You are immune to sickness and miasma.
Your stone body is resilient. (AC +4)
You are immune to poison.
You resist negative energy. (rN+)
You are resistant to electric shocks. (rElec)
You are resistant to unholy torment.
You are immune to petrification.


Message History

The orc priest barely misses you.
You barely miss the orc priest.
You hit the orc priest but do no damage.
You block the orc priest's attack.
You closely miss the orc priest.
The orc priest hits you but does no damage.
You hit the orc priest.
The orc priest is lightly wounded.
The orc priest closely misses you.
You closely miss the orc priest.
The orc priest is lightly wounded.
You block the orc priest's attack.
You hit the orc priest.
The orc priest is moderately wounded.
The orc priest hits you but does no damage.
You completely miss the orc priest.
The orc priest is moderately wounded.
The orc priest casts a cantrip, but nothing happens.
The orc priest mumbles some strange prayers to Beogh against you.
Beogh smites you!
* * * LOW HITPOINT WARNING * * *
You barely miss the orc priest.
The orc priest is moderately wounded.
The orc priest hits you but does no damage.
You closely miss the orc priest.
The orc priest is moderately wounded.
The orc priest hits you but does no damage.
Okay, then.
You closely miss the orc priest.
The orc priest is moderately wounded.
The orc priest hits you but does no damage.
You hit the orc priest.
The orc priest is severely wounded.
The orc priest hits you but does no damage.
You barely miss the orc priest.
The orc priest is severely wounded.
The orc priest calls down the wrath of Beogh upon you.
Pain shoots through your body!
You die...
Fedhas appreciates your contribution to the ecosystem.

##### ##
##########...#....
#.......@oo.......
#)########o######
#.# #.# #.# #o#
#.# #.# #.# #.#
#.# ... #.# ..#
#.# ...


You could see an orc priest and 2 orcs.

Vanquished Creatures
  A black bear (D:2)
  An orc priest (D:4)
  2 orc wizards (D:3)
  3 adders
  A gnoll (D:2)
  3 dart slugs
  4 orcs
  3 ball pythons
  3 endoplasms
  3 giant cockroaches (D:2)
  9 hobgoblins
  A quokka (D:3)
  2 bats (D:2)
  2 frilled lizards (D:1)
  2 goblins
  2 kobolds (D:1)
  4 rats
46 creatures vanquished.

Notes
Turn   | Place    | Note
-------+----------+-------------------------------------------
     0 | D:1      | MiltankisOP the Gargoyle Fighter began the quest for the
                  | Orb.
     0 | D:1      | Reached XP level 1. HP: 14/14 MP: 1/1
   316 | D:1      | Reached XP level 2. HP: 18/19 MP: 2/2
   849 | D:2      | Reached skill level 3 in Maces & Flails
   885 | D:2      | Reached XP level 3. HP: 21/23 MP: 3/3
  1253 | D:2      | Noticed a black bear
  1262 | D:2      | Killed a black bear
  1263 | D:2      | Reached skill level 4 in Maces & Flails
  1263 | D:2      | Reached XP level 4. HP: 24/28 MP: 4/4
  1263 | D:2      | Reached XP level 5. HP: 28/32 MP: 5/5
  1520 | D:2      | Reached skill level 5 in Maces & Flails
  1881 | D:3      | Found a blossoming altar of Fedhas.
  1905 | D:3      | Became a worshipper of Fedhas Madash
  1973 | D:3      | Identified the +4 ring mail of Ebimun {Str+2}
  2476 | D:3      | Found a glowing golden altar of the Shining One.
  2662 | D:3      | Found a faded altar of an unknown god.
  2891 | D:3      | Found a faded altar of an unknown god.
  2891 | D:3      | Found a hazy altar of Hepliaklqana.
  2893 | D:3      | Found a faded altar of an unknown god.
  3171 | D:4      | Found Toguix's Mass Market.
  3225 | D:4      | Reached XP level 6. HP: 34/37 MP: 6/6
  3228 | D:4      | Reached skill level 6 in Maces & Flails
  3330 | D:4      | Killed from afar by an orc priest

Illustrated notes

Levels and vault maps discovered:
D:1:      minmay_arrival_semitransparent, layout_loops_cross
D:2:      layout_basic, grunt_ministairs_9, minmay_unequal
D:3:      layout_basic, nicolae_overflow_crystal_walls,
          nicolae_hepliaklqana_ecumenical_no_more,
          nicolae_tso_swordbearing_angel, chequers_ecumenical_altar_island
D:4:      layout_rooms, yredelemnul_altar_generic, minmay_temple_entry_arrows,
          minmay_shop_mass, lexackson_kobold_supper

Skill      XL: |  1  2  3  4  5  6 |
---------------+-------------------+-----
Maces & Flails | 3 4 5 6 |  6.1
Fighting       | |  3.3
Armour         | |  3.3
Shields        | |  3.3

Action                   |  1- 3 |  4- 6 || total
-------------------------+-------+-------++-------
Melee: Flail             |    71 |   102 ||   173
  Use: Potion            |     1 |       ||     1
Armor: Scale mail        |     8 |       ||     8
       Leather armour    |    26 |    25 ||    51
       Ring mail         |       |    20 ||    20
Dodge: Dodged            |    34 |    26 ||    60
Block: Buckler           |     9 |    11 ||    20
